 Dungeon Crawl Stone Soup version 0.20-a0-731-gecde0bf (webtiles) character file.

136 Laphicet the Skirmisher (level 4, -3/37 HPs)
             Began as a Mummy Fighter on Feb 22, 2017.
             Killed from afar by a hobgoblin (24 damage)
             ... with a wand of lightning (?/15)
             ... led by Robin
             ... on level 3 of the Dungeon.
             The game lasted 00:04:35 (2548 turns).

Laphicet the Skirmisher (Mummy Fighter)             Turns: 2548, Time: 00:04:35

Health: -3/37      AC:  7    Str: 19    XL:     4   Next: 98%
Magic:  4/4        EV:  7    Int:  8    God:
Gold:   199        SH:  8    Dex: 11    Spells: 3/3 levels left

rFire    x . .     SeeInvis .   a - +0 long sword
rCold    + . .     Gourm    .   b - +0 scale mail
rNeg     + + +     Faith    .   c - +0 shield
rPois    ∞         Spirit   .   (no helmet)
rElec    .         Reflect  .   (no cloak)
rCorr    .         Harm     .   (no gloves)
MR       .....                  l - +0 pair of boots
Stlth    ..........             (no amulet)
Regen    0.2/turn               (no ring)
MPRegen  0.1/turn               (no ring)

@: no status effects
A: no food or potions, fire vulnerability, cold resistance 1, negative energy
resistance 3, torment resistance, unbreathing
a: no special abilities


You were on level 3 of the Dungeon.
You were not hungry.

You visited 1 branch of the dungeon, and saw 3 of its levels.

You collected 199 gold pieces.

Inventory:

Hand Weapons
 a - a +0 long sword (weapon)
 n - a +1 dagger of speed
Armour
 b - a +0 scale mail (worn)
 c - a +0 shield (worn)
 l - a +0 pair of boots (worn)
Magical Staves
 m - an uncursed staff of cold {unknown}
Jewellery
 e - a +2 ring of evasion {unknown}
 k - an uncursed ring of flight {unknown}
Scrolls
 d - 3 scrolls of remove curse
 f - a scroll of amnesia {unknown}
 g - a scroll of teleportation
 h - a scroll of immolation {unknown}
 i - a scroll of noise {unknown}
 j - a scroll of recharging {unknown}


   Skills:
 + Level 3.8 Fighting
 + Level 2.4 Long Blades
 + Level 2.9 Armour
 + Level 1.6 Dodging
 + Level 2.7 Shields


You had 3 spell levels left.
You didn't know any spells.

Dungeon Overview and Level Annotations

Branches:
Dungeon (3/15)

Altars:

Annotations:
D:3 Grinder, Robin


Innate Abilities, Weirdness & Mutations

You do not eat or drink.
Your flesh is vulnerable to fire.
You are immune to poison.
Your flesh is cold resistant. (rC+)
You are immune to negative energy. (rN+++)
You are immune to unholy pain and torment.
You can survive without breathing.


Message History

2 hobgoblins come into view.
A goblin comes into view.
The hobgoblin shouts!
The goblin shouts!
Robin drinks a potion.
Robin suddenly seems more resistant.
A hobgoblin comes into view. It is wielding a club.
Robin roars a battlecry!
The goblins go into a battle-frenzy!
Robin throws the goblin at you!
The hobgoblin zaps a wand.
The bolt of lightning hits you!
Ouch! That really hurt!
It is a wand of lightning (?/15).
The goblin hits you but does no damage. You block the goblin's attack.
The goblin no longer looks unusually strong.
The hobgoblin no longer looks unusually strong.
The hobgoblin no longer looks unusually strong.
The hobgoblin zaps a wand.
The bolt of lightning hits the goblin.
The goblin dies!
The bolt of lightning hits you!
Ouch! That really hurt!
You die...

#..# ##...#..........#.#####...
#..# ###...........#.##.##....##
.†## #...g........##.#.....#.##
).### #g#####..............##.###
).).# #.# #...................#
....# #g# ##...................#
....###.# #....................#
######..####.g.g....)...........#
#........gg...†.@..<...)........#
............##..................#
#####.......###..................
#.#....># ##.....#..........#
#.#.....# ##.#######... .......##
#.# ... ......### #.. ## .......#
#..# ...... #..#


You could see Robin and 3 hobgoblins.

Vanquished Creatures
  Jessica (D:3)
  3 adders (D:2)
  An ooze (D:1)
  4 worms
  A dart slug (D:1)
  2 leopard geckos (D:3)
  4 giant cockroaches
  13 goblins
  A hobgoblin (D:2)
  9 jackals (D:1)
  4 kobolds
  A quokka (D:3)
  3 ball pythons
  6 bats
  3 frilled lizards
  4 rats
60 creatures vanquished.

Vanquished Creatures (others)
  A goblin (D:3)
1 creature vanquished.

Grand Total: 61 creatures vanquished

Notes
Turn   | Place    | Note
-------+----------+-------------------------------------------
     0 | D:1      | Laphicet the Mummy Fighter began the quest for the Orb.
     0 | D:1      | Reached XP level 1. HP: 18/18 MP: 1/1
   291 | D:1      | Reached XP level 2. HP: 24/24 MP: 2/2
   593 | D:1      | Reached XP level 3. HP: 24/29 MP: 3/3
   639 | D:1      | Reached skill level 1 in Dodging
  1164 | D:2      | Reached XP level 4. HP: 35/35 MP: 4/4
  1193 | D:2      | Found a faded altar of an unknown god.
  1800 | D:3      | Noticed Grinder
  1809 | D:3      | Paralysed by Grinder for 6 turns
  2221 | D:3      | Noticed Jessica
  2233 | D:3      | Killed Jessica
  2526 | D:3      | Noticed Robin
  2548 | D:3      | Killed from afar by a hobgoblin

Vault maps used:
D:1:      minmay_arrival_shattered_statue
D:2:      chequers_ecumenical_altar_lobes
D:3:      grunt_decor_cap, uniq_grinder, uniq_jessica, uniq_robin

Skill      XL: |  1  2  3 |
---------------+----------+-----
Long Blades    | 2 |  2.4
Dodging        | 1 |  1.6
Fighting       | |  3.8
Armour         | |  2.9
Shields        | |  2.7

Action                   |  1- 3 |  4- 6 || total
-------------------------+-------+-------++-------
Melee: Long sword        |   113 |    83 ||   196
  Use: Scroll            |       |     2 ||     2
Armor: Scale mail        |    66 |    53 ||   119
Dodge: Dodged            |    50 |    27 ||    77
Block: Shield            |    59 |    44 ||   103
       Rpst.: Long sword |    21 |     7 ||    28
